 Dungeon Crawl Stone Soup version 0.30.1-4-g462c640d31 (webtiles) character file.

Game seed: 13793940917914935182

114 croobank the Sneak (level 4, -1/33 HPs)
             Began as an Octopode Delver on Sept 15, 2023.
             Slain by a phantom (3 damage)
             ... on level 3 of the Dungeon.
             The game lasted 00:06:14 (1049 turns).

croobank the Sneak (Octopode Delver)                Turns: 1049, Time: 00:06:15

Health: -1/33      AC:  1    Str: 11    XL:     4   Next: 97%
Magic:  4/4        EV: 13    Int: 14    God:
Gold:   74         SH:  0    Dex: 13    Spells: 3/3 levels left

rFire   . . .        g - +0 short sword
rCold   . . .        (no shield)
rNeg    . . .        (helmet restricted)
rPois   .            (no amulet)
rElec   .            (no ring)
rCorr   .            (no ring)
SInv    .            (no ring)
Will    .....        (no ring)
Stlth   ++++         (no ring)
HPRegen 0.25/turn    (no ring)
MPRegen 0.09/turn    (no ring)
                     (no ring)

%: no passive effects
@: hasted, very quick
A: almost no armour, amphibious, 8 rings, camouflage 1, gelatinous body 1,
(nimble swimmer 1), tentacles
a: no special abilities


You were on level 3 of the Dungeon.
You visited 2 branches of the dungeon, and saw 5 of its levels.

You collected 74 gold pieces.

Inventory:

Hand Weapons
 a - a -2 dagger of freezing
 g - a +0 short sword (weapon)
Missiles
 d - 6 poisoned darts (quivered)
Wands
 f - a wand of digging (2)
Scrolls
 b - a scroll of fog
 h - 2 scrolls of silence
 l - a scroll of noise {unknown}
 m - a scroll of identify {unknown}
 n - a scroll of enchant weapon {unknown}
Potions
 c - a potion of berserk rage {unknown}
 i - 2 potions of heal wounds {unknown}
 j - 2 potions of might {unknown}
 k - a potion of curing {unknown}


   Skills:
 + Level 3.7 Fighting
 + Level 3.0 Short Blades
 + Level 3.0 Dodging
 + Level 7.4 Stealth


You had 3 spell levels left.
You didn't know any spells.
Your spell library was empty.

Dungeon Overview and Level Annotations

Branches:
Dungeon (6/15)             Temple (1/1) D:6

Altars:
Elyvilon
Fedhas
Hepliaklqana
Kikubaaqudgha
Makhleb
Okawaru
Qazlal
Ru
Trog
Wu Jian
Yredelemnul
Zin

Shops:
D:5 *

Annotations:
D:3 3 runed translucent doors, Terence; bairyn's ghost, amateur SpRe


Innate Abilities, Weirdness & Mutations

You cannot wear most types of armour.
You are amphibious.
You can wear up to eight rings at the same time.
Your skin changes colour to match your surroundings (Stealth+).
Your rubbery body absorbs attacks. (AC +1, EV +1)
((You are camouflaged when in or above water. (Stealth+)))
You have tentacles for arms and can constrict up to eight enemies at once.


Message History

You hit the phantom but do no damage. Your squeeze misses the phantom.
The phantom is moderately damaged.
The phantom hits you.
The phantom blinks!
You blink.
You closely miss the phantom. Your squeeze misses the phantom.
The phantom is moderately damaged.
You barely miss the phantom. You squeeze the phantom!
The phantom is severely damaged.
The phantom hits you.
* * * LOW HITPOINT WARNING * * *
You miss the phantom.
The phantom is severely damaged.
You hit the phantom.
The phantom is severely damaged.
The phantom barely misses you.
You miss the phantom.
The phantom is severely damaged.
You closely miss the phantom. Your squeeze misses the phantom.
The phantom is severely damaged.
The phantom misses you.
You closely miss the phantom.
The phantom is severely damaged.
You hit the phantom but do no damage.
The phantom is severely damaged.
The phantom closely misses you.
You closely miss the phantom.
The phantom is severely damaged.
The phantom misses you.
You hit the phantom but do no damage. You squeeze the phantom.
The phantom is severely damaged.
You hit the phantom. Your squeeze misses the phantom.
The phantom is almost destroyed.
The phantom hits you!
* * * LOW HITPOINT WARNING * * *
The phantom blinks!
You blink.
You miss the phantom.
The phantom is almost destroyed.
You hit the phantom.
The phantom is almost destroyed.
The phantom hits you.
You die...

.........## #.##
..#.##..## #..#
.#.###..# ##.# ###
........########.# #...
.###.........>...##....
.##...#.###.#.#..#.....
....#..................
###...#.##..#.#..#.....
##.##.##.....W@##....
.. ........#.# #... ##.
.##.......####.# #.
.###............. #.
#....ยง..##
.....#...### .###.....#
##.#### #.


You could see a phantom.

Vanquished Creatures
  A scorpion (D:5)
  A sleepcap (D:4)
  2 adders (D:5)
  A dart slug (D:4)
  A hobgoblin (D:3)
  A frilled lizard (D:3)
  2 goblins (D:4)
9 creatures vanquished.

Notes
Turn   | Place    | Note
-------+----------+-------------------------------------------
     0 | D:5      | croobank the Octopode Delver began the quest for the Orb.
     0 | D:5      | Reached XP level 1. HP: 16/16 MP: 1/1
   108 | D:6      | Found a staircase to the Ecumenical Temple.
   117 | Temple   | Entered the Ecumenical Temple
   302 | D:5      | Noticed an orc wizard
   349 | D:5      | Noticed a scorpion
   358 | D:5      | Killed a scorpion
   359 | D:5      | Reached skill level 7 in Stealth
   359 | D:5      | Reached XP level 2. HP: 21/21 MP: 2/2
   359 | D:5      | Reached XP level 3. HP: 26/26 MP: 3/3
   359 | D:5      | Reached XP level 4. HP: 31/31 MP: 4/4
   377 | D:5      | Noticed an ogre
   409 | D:5      | Noticed a black bear
   513 | D:5      | Found a sacrificial altar of Ru.
   631 | D:4      | Found an iron altar of Okawaru.
   823 | D:3      | Found a runed translucent gate.
   824 | D:3      | Found a runed translucent gate.
   825 | D:3      | Found a runed translucent gate.
   879 | D:3      | Noticed bairyn's ghost (amateur SpRe)
   953 | D:3      | Noticed Terence
  1023 | D:4      | Noticed a phantom
  1049 | D:3      | Slain by a phantom

Illustrated notes

Levels and vault maps discovered:
D:3:      layout_loops_ring, gammafunk_ghost_icy, kennysheep_generic_room_9,
          uniq_terence
D:4:      layout_gridville, okawaru_gym_becter,
          mainiacjoe_overflow_small_starburst
D:5:      layout_basic, nicolae_ru_the_path_less_chosen,
          nemelex_diamond_rough_becter, serial_bayou_ford_a,
          nicolae_shop_fire_sale [nicolae_sub_dead_trees], st_stairs_14
D:6:      layout_loops_ring, cheibriados_altar_1, lemuel_tele_altar,
          grunt_dithmenos_shadows, minmay_temple_entry_poolview,
          hellmonk_ghost_happy_afterlife, st_stairs_4, uniq_maggie
Temple:   nicolae_temple_bog_church

Skill      XL: |  1  2  3  4 |
---------------+-------------+-----
Stealth        | 7 |  7.4
Short Blades   | 3 |  3.0
Dodging        | 3 |  3.0
Fighting       | |  3.7

Action                     |  1- 3 |  4- 6 || total
---------------------------+-------+-------++-------
  Melee: Dagger            |     1 |     1 ||     2
         Short sword       |       |    61 ||    61
         Tentacles         |       |     9 ||     9
         Constrict         |       |     8 ||     8
  Throw: Dart              |       |     2 ||     2
  Evoke: Wand              |       |     1 ||     1
    Use: Scroll            |     2 |     2 ||     4
         Potion            |       |     1 ||     1
   Stab: Sleeping          |     1 |     2 ||     3
 Armour: Skin              |       |     3 ||     3
  Dodge: Dodged            |       |    23 ||    23
